 Dungeon Crawl Stone Soup version 0.18-a0-270-ga9d907f (console) character file.

10321 endege the Severer (level 11, -7/68 HPs)
             Began as a Tengu Berserker on Nov 26, 2015.
             Was a High Priest of Trog.
             Mangled by a killer bee (8 damage)
             ... on level 11 of the Dungeon.
             The game lasted 00:12:50 (13042 turns).

endege the Severer (Tengu Berserker)               Turns: 13042, Time: 00:12:51

Health: -7/68      AC: 10    Str: 20    XL:     11   Next: 60%
Magic:  4/4        EV: 13    Int:  7    God:    Trog [*****.]
Gold:   486        SH:  0    Dex: 17    Spells: 0 memorised, 10 levels left

rFire  + . .     SeeInvis .     Y - +3 battleaxe (antimagic)
rCold  . . .     Clarity  .     d - +2 scale mail {rF+}
rNeg   . . .     SustAt   .     (shield currently unavailable)
rPois  .         Gourm    .     (helmet restricted)
rElec  .         Spirit   .     r - +0 cloak
rCorr  .         Warding  .     (no gloves)
rMut   .         Stasis   .     (boots unavailable)
MR     .....                    (no amulet)
Stlth  ..........               (no ring)
                                w - +2 ring of dexterity

@: lethally poisoned (-7 -> -13), exhausted, about to teleport, slowed, very
slow, not resistant to hostile enchantments, extremely unstealthy
A: beak, talons 3, able to fly 1
a: Fly, Berserk, Trog's Hand, Brothers in Arms, Burn Spellbooks, Renounce
Religion


You were on level 11 of the Dungeon.
You worshipped Trog.
Trog was extremely pleased with you.
You were hungry.

You visited 1 branch of the dungeon, and saw 11 of its levels.

You collected 542 gold pieces.
You spent 56 gold pieces at shops.


Innate Abilities, Weirdness & Mutations

You have a beak for a mouth.
You have claws for feet.
You can fly.


   Skills:
 + Level 7.9 Fighting
 + Level 15.8 Axes
 - Level 5.2 Armour
 - Level 5.6 Dodging


You had 10 spell levels left.
You didn't know any spells.

Inventory:

Hand Weapons
 Y - a +3 antimagic battleaxe (weapon)
Missiles
 b - 5 tomahawks (quivered)
 k - 2 tomahawks of returning
Armour
 d - a +2 scale mail of fire resistance (worn)
 n - a +0 chain mail
 r - a +0 cloak (worn)
Jewellery
 w - a +2 ring of dexterity (left hand)
Wands
 t - a wand of teleportation (4)
Scrolls
 a - 3 scrolls of remove curse
 f - 2 scrolls of recharging
 l - a scroll of identify
 p - a scroll of teleportation
Potions
 g - 3 potions of haste
 m - 4 potions of might
 o - a potion of curing
Comestibles
 c - 4 bread rations
 i - 6 meat rations

Dungeon Overview and Level Annotations

Branches:
Dungeon (11/15)            Temple (0/1) D:6             Orc (0/4) D:9
   Lair: D:8-11

Altars:
Fedhas
Kikubaaqudgha
Ru
The Shining One

Shops:
D:10 !

Portals:
Trove: D:10 (give +2 storm dragon armour)

Annotations:
D:6 2 runed doors


Message History

Press: ? - help, Shift-Dir - straight line, f - you You feel strangely unstable.
This wand has 4 charges left.
The killer bee stings you but does no damage.
The killer bee barely misses you. The killer bee misses you.
The jelly barely misses you.
You hear an angry buzzing noise.
The killer bee barely misses you. The killer bee misses you.
The jelly hits you but does no damage.
You barely miss the killer bee. Your kick misses the killer bee.
You hit the killer bee.
The killer bee is lightly wounded.
You hit the killer bee.
The killer bee is lightly wounded.
You slash the jelly!
You kill the jelly!
Trog accepts your kill.
You feel sick.
You hear an angry buzzing noise. x2
The killer bee stings you.
* * * LOW HITPOINT WARNING * * *
You are more poisoned.
The killer bee poisons you! The killer bee stings you!
You die...

## #.
#####y##
#...y.@#
#....yy#
#.....y#
#.....c#
#......#
#......#
#.......
#......#


You could see a centaur and 5 killer bees.

Vanquished Creatures
  Erolcha (D:9)
  An unseen horror (D:10)
  Pikel (D:8)
  A tengu conjurer (D:11)
  A troll (D:9)
  Grinder (D:3)
  Prince Ribbit (D:5)
  A two-headed ogre (D:8)
  A trapdoor spider (D:6)
  A hippogriff (D:9)
  2 deep elf magi (D:9)
  2 hungry ghosts (D:9)
  A wyvern (D:10)
  A soldier ant (D:10)
  Menkaure (D:4)
  Edmund (D:6)
  3 slaves (D:8)
  A water moccasin (D:7)
  3 phantoms
  The ghost of confidenceinterval the Ruffian, an amateur TrFi of Fedhas (D:3)
  2 black bears (D:8)
  2 ice beasts
  2 sky beasts
  5 centaurs
  9 ogres
  3 big kobolds
  2 wyvern zombies
  6 giant frogs
  7 scorpions
  A wyvern skeleton (D:8)
  14 killer bees (D:11)
  4 wights (D:6)
  2 crimson imps
  2 quasits (D:10)
  3 jellies
  5 hounds
  2 giant frog zombies
  2 centaur skeletons (D:10)
  An orc priest (D:9)
  Ijyb (D:3)
  A centaur zombie (D:6)
  4 giant frog skeletons
  6 iguanas
  7 worker ants
  A killer bee zombie (D:7)
  8 orc wizards
  8 ogre zombies (D:9)
  A hound zombie (D:10)
  3 hound skeletons (D:4)
  Robin (D:2)
  10 adders
  4 gnolls (D:2)
  5 shadow imps
  An adder zombie (D:6)
  5 worms
  2 adder skeletons
  9 giant geckos
  19 orcs
  8 bats
  7 giant cockroaches
  16 hobgoblins
  19 kobolds
  5 quokkas
  4 ball pythons
  A giant gecko skeleton (D:5)
  8 giant newts
  14 goblins
  3 goblin skeletons (D:9)
  4 goblin zombies (D:9)
  3 hobgoblin skeletons (D:9)
  22 jackals
  3 orc skeletons (D:9)
  12 orc zombies (D:9)
  A quokka skeleton (D:8)
  8 rats
334 creatures vanquished.

Vanquished Creatures (collateral kills)
  The ghost of nublet the Grappler, a novice DrWr of Sif Muna (D:9)
  A worker ant (D:9)
2 creatures vanquished.

Grand Total: 336 creatures vanquished

Notes
Turn   | Place    | Note
--------------------------------------------------------------
     0 | D:1      | endege the Tengu Berserker began the quest for the Orb.
     0 | D:1      | Reached XP level 1. HP: 14/14 MP: 2/2
     0 | D:1      | 0 ||| counter = 16
   246 | D:1      | Reached XP level 2. HP: 17/19 MP: 3/3
   280 | D:1      | Reached skill level 4 in Axes
   449 | D:1      | 449 ||| INVOKING Berserk.
   998 | D:1      | Reached ** piety under Trog
  1090 | D:1      | Reached XP level 3. HP: 23/23 MP: 4/4
  1137 | D:1      | 1137 ||| READING 4 scrolls labeled LENOUL AS UCKOWULE.
  1138 | D:1      | 1138 ||| UPGRADING to large wooden ring.
  1139 | D:1      | 1139 ||| REMOVING ring of invisibility.
  1140 | D:1      | 1140 ||| DROPPING ring of invisibility.
  1141 | D:1      | 1141 ||| READING scroll labeled ZAMUHE EZ USU.
  1142 | D:1      | 1142 ||| READING scroll labeled TUXTOERHUE.
  1143 | D:1      | 1143 ||| READING scroll labeled FOGREFAN YLIHE.
  1184 | D:2      | 1184 ||| INVOKING Berserk.
  1221 | D:2      | 1221 ||| INVOKING Berserk.
  1224 | D:2      | Reached skill level 5 in Axes
  1231 | D:2      | Reached XP level 4. HP: 28/28 MP: 5/5
  1300 | D:2      | Noticed Robin
  1307 | D:2      | 1307 ||| INVOKING Berserk.
  1309 | D:2      | Killed Robin
  1844 | D:2      | Reached skill level 6 in Axes
  1927 | D:2      | Gained mutation: You can fly. [Tengu growth]
  1927 | D:2      | Reached XP level 5. HP: 30/32 MP: 6/6
  2763 | D:2      | 2763 ||| UPGRADING to scratched cabochon ring.
  2764 | D:2      | 2764 ||| READING 3 scrolls of remove curse.
  2765 | D:2      | 2765 ||| REMOVING ring of teleportation.
  2766 | D:2      | 2766 ||| DROPPING ring of teleportation.
  2767 | D:2      | 2767 ||| READING 4 scrolls labeled JUEHUPPU IPNE.
  2768 | D:2      | 2768 ||| READING 3 scrolls of enchant weapon.
  2768 | D:2      | 2768 ||| ENCHANTING +1 hand axe.
  2769 | D:2      | 2769 ||| READING 2 scrolls of enchant weapon.
  2769 | D:2      | 2769 ||| ENCHANTING +2 hand axe.
  2770 | D:2      | 2770 ||| READING scroll of enchant weapon.
  2770 | D:2      | 2770 ||| ENCHANTING +3 hand axe.
  2771 | D:2      | 2771 ||| READING scroll labeled RAEHIOSMAYR.
  2864 | D:3      | Reached *** piety under Trog
  2876 | D:3      | Noticed Ijyb
  2886 | D:3      | Killed Ijyb
  2972 | D:3      | Noticed Grinder
  2973 | D:3      | 2973 ||| INVOKING Trog's Hand.
  2976 | D:3      | 2976 ||| INVOKING Berserk.
  2978 | D:3      | Killed Grinder
  2978 | D:3      | Reached skill level 7 in Axes
  2978 | D:3      | Reached XP level 6. HP: 34/37 MP: 7/7
  3166 | D:3      | Noticed confidenceinterval's ghost (amateur TrFi)
  3172 | D:3      | 3172 ||| INVOKING Berserk.
  3176 | D:3      | Killed confidenceinterval's ghost
  3176 | D:3      | Reached skill level 8 in Axes
  3176 | D:3      | Reached XP level 7. HP: 37/42 MP: 8/8
  3618 | D:3      | Found a glowing golden altar of the Shining One.
  3828 | D:3      | 3828 ||| UPGRADING to leather armour.
  3838 | D:3      | 3838 ||| DROPPING +0 animal skin.
  3839 | D:3      | 3839 ||| READING 6 scrolls of identify.
  3839 | D:3      | 3839 ||| IDENTIFYING murky red potion
  3840 | D:3      | 3840 ||| READING 5 scrolls of identify.
  3840 | D:3      | 3840 ||| IDENTIFYING sedimented emerald potion
  3841 | D:3      | 3841 ||| READING 4 scrolls of identify.
  3841 | D:3      | 3841 ||| IDENTIFYING fizzy brown potion
  3842 | D:3      | 3842 ||| READING 3 scrolls of identify.
  3842 | D:3      | 3842 ||| IDENTIFYING murky sapphire potion
  3843 | D:3      | 3843 ||| READING 2 scrolls of identify.
  3843 | D:3      | 3843 ||| IDENTIFYING ruby potion
  3844 | D:3      | 3844 ||| DROPPING potion of flight.
  3845 | D:3      | 3845 ||| DROPPING potion of invisibility.
  3846 | D:3      | 3846 ||| DROPPING potion of poison.
  4425 | D:4      | 4425 ||| INVOKING Berserk.
  4433 | D:4      | Reached skill level 9 in Axes
  4502 | D:4      | 4502 ||| INVOKING Berserk.
  4567 | D:4      | Found a blossoming altar of Fedhas.
  4604 | D:4      | Reached XP level 8. HP: 48/48 MP: 9/9
  4746 | D:4      | 4746 ||| Stepping ~*~*~tactically~*~*~ (water).
  4754 | D:4      | 4754 ||| Stepping ~*~*~tactically~*~*~ (water).
  4814 | D:4      | Noticed Menkaure
  4817 | D:4      | 4817 ||| Stepping ~*~*~tactically~*~*~ (water).
  4821 | D:4      | 4821 ||| INVOKING Berserk.
  4823 | D:4      | Killed Menkaure
  5142 | D:4      | 5142 ||| UPGRADING to runed ring mail.
  5152 | D:4      | 5152 ||| DROPPING +0 leather armour.
  5153 | D:4      | 5153 ||| DROPPING ring mail.
  5154 | D:4      | 5154 ||| UPGRADING to scale mail.
  5164 | D:4      | 5164 ||| UPGRADING to +0 ring mail of fire resistance.
  5174 | D:4      | 5174 ||| UPGRADING to copper ring.
  5175 | D:4      | 5175 ||| REMOVING ring of wizardry.
  5176 | D:4      | 5176 ||| DROPPING ring of wizardry.
  5177 | D:4      | 5177 ||| READING scroll labeled YLISTA IPHUG.
  5180 | D:5      | Entered Level 5 of the Dungeon
  5240 | D:5      | Reached skill level 10 in Axes
  5298 | D:5      | 5298 ||| EATING 2 beef jerkies.
  5318 | D:5      | Reached **** piety under Trog
  5434 | D:5      | 5434 ||| INVOKING Berserk.
  5707 | D:5      | Noticed Prince Ribbit
  5709 | D:5      | 5709 ||| INVOKING Berserk.
  5714 | D:5      | Killed Prince Ribbit
  5714 | D:5      | Reached skill level 11 in Axes
  6139 | D:5      | 6139 ||| READING scroll of enchant weapon.
  6139 | D:5      | 6139 ||| ENCHANTING +4 hand axe.
  6160 | D:5      | 6160 ||| READING scroll of enchant weapon.
  6160 | D:5      | 6160 ||| ENCHANTING +5 hand axe.
  6210 | D:5      | Reached XP level 9. HP: 54/54 MP: 10/10
  6281 | D:5      | 6281 ||| DRINKING 2 purple potions.
  6282 | D:5      | 6282 ||| READING 3 scrolls of identify.
  6282 | D:5      | 6282 ||| IDENTIFYING pink potion
  6283 | D:5      | 6283 ||| DROPPING potion of brilliance.
  6317 | D:6      | 6317 ||| STAIRDANCE
  6489 | D:6      | 6489 ||| DRINKING potion of curing.
  6489 | D:6      | 6489 ||| (to cure poison)
  6490 | D:6      | 6490 ||| INVOKING Berserk.
  6833 | D:6      | Noticed Edmund
  6847 | D:6      | Killed Edmund
  6847 | D:6      | Reached skill level 6 in Fighting
  6847 | D:6      | Reached skill level 12 in Axes
  6886 | D:6      | Found a runed door.
  6914 | D:6      | Found a runed door.
  6919 | D:6      | Found a staircase to the Ecumenical Temple.
  7166 | D:6      | Reached ***** piety under Trog
  7167 | D:6      | Received a gift from Trog
  7450 | D:6      | 7450 ||| UPGRADING to shiny scale mail.
  7460 | D:6      | 7460 ||| DROPPING +0 scale mail.
  7461 | D:6      | 7461 ||| UPGRADING to cloak.
  7466 | D:6      | 7466 ||| READING 4 scrolls of remove curse.
  7467 | D:6      | 7467 ||| UPGRADING to wooden ring.
  7468 | D:6      | 7468 ||| READING 3 scrolls of remove curse.
  7469 | D:6      | 7469 ||| REMOVING ring of loudness.
  7470 | D:6      | 7470 ||| DROPPING ring of loudness.
  7471 | D:6      | 7471 ||| READING scroll labeled JUWNUG RUTOH.
  7472 | D:6      | 7472 ||| READING 2 scrolls labeled IMAELUZYGE.
  7473 | D:6      | 7473 ||| READING 2 scrolls labeled EMEGAM DEYKLY.
  7474 | D:6      | 7474 ||| READING scroll labeled HETECO TUMOSI.
  7475 | D:6      | 7475 ||| READING scroll labeled JENNOSEUBBU.
  7498 | D:6      | 7498 ||| READING 3 scrolls of identify.
  7498 | D:6      | 7498 ||| IDENTIFYING wand of teleportation
  7499 | D:6      | 7499 ||| READING scroll of recharging.
  7499 | D:6      | 7499 ||| RECHARGING wand of teleportation (3).
  7500 | D:6      | 7500 ||| READING 2 scrolls of identify.
  7500 | D:6      | 7500 ||| IDENTIFYING metallic white potion
  7501 | D:6      | 7501 ||| DROPPING potion of ambrosia.
  7502 | D:6      | 7502 ||| DROPPING scroll of magic mapping.
  7819 | D:7      | Reached skill level 13 in Axes
  8362 | D:7      | 8362 ||| EATING beef jerky.
  8745 | D:7      | You fall through a shaft for 2 floors!
  8746 | D:9      | 8746 ||| Shafted from D:7 to D:9.
  8754 | D:9      | Reached XP level 10. HP: 59/61 MP: 11/11
  8839 | D:8      | Noticed Pikel
  8863 | D:8      | Killed Pikel
  8863 | D:8      | Reached skill level 14 in Axes
  8865 | D:8      | Received a gift from Trog
  9067 | D:8      | 9067 ||| INVOKING Berserk.
  9201 | D:7      | 9201 ||| Successfully unshafted to D:7.
  9316 | D:7      | Reached skill level 3 in Dodging
  9453 | D:7      | 9453 ||| READING scroll labeled TIAMAI OLEWU.
  9454 | D:7      | 9454 ||| READING 3 scrolls of identify.
  9454 | D:7      | 9454 ||| IDENTIFYING puce potion
  9455 | D:7      | 9455 ||| READING 2 scrolls of identify.
  9455 | D:7      | 9455 ||| IDENTIFYING emerald potion
  9456 | D:7      | 9456 ||| DROPPING wand of cold.
  9457 | D:7      | 9457 ||| DROPPING potion of cancellation.
  9593 | D:8      | Reached skill level 3 in Armour
 10085 | D:8      | 10085 ||| DRINKING 2 smoky white potions.
 10103 | D:8      | 10103 ||| DROPPING potion of lignification.
 10125 | D:9      | Noticed Erolcha
 10126 | D:9      | 10126 ||| INVOKING Trog's Hand.
 10127 | D:9      | 10127 ||| INVOKING Brothers in Arms.
 10131 | D:9      | 10131 ||| INVOKING Berserk.
 10136 | D:9      | Killed Erolcha
 10236 | D:9      | 10236 ||| INVOKING Berserk.
 10313 | D:9      | Found a staircase to the Orcish Mines.
 10315 | D:9      | 10315 ||| INVOKING Berserk.
 10316 | D:9      | Reached skill level 15 in Axes
 10316 | D:9      | Reached XP level 11. HP: 66/66 MP: 12/12
 10429 | D:9      | Noticed nublet's ghost (novice DrWr)
 10429 | D:9      | 10429 ||| INVOKING Brothers in Arms.
 10432 | D:9      | 10432 ||| INVOKING Berserk.
 10438 | D:9      | Killed nublet's ghost
 10667 | D:9      | 10667 ||| INVOKING Berserk.
 10777 | D:9      | 10777 ||| EATING 2 fruits.
 11064 | D:9      | 11064 ||| DROPPING +0 ring mail of fire resistance.
 11065 | D:9      | 11065 ||| UPGRADING to chain mail.
 11075 | D:9      | 11075 ||| UPGRADING to +2 scale mail of fire resistance.
 11085 | D:9      | 11085 ||| READING scroll labeled TIKLYF MUOFOE.
 11109 | D:9      | 11109 ||| READING 2 scrolls of identify.
 11109 | D:9      | 11109 ||| IDENTIFYING smoky green potion
 11110 | D:9      | 11110 ||| DROPPING potion of mutation.
 11149 | D:10     | Entered Level 10 of the Dungeon
 11149 | D:10     | Found an ancient bone altar of Kikubaaqudgha.
 11163 | D:10     | Killed an unseen horror
 11394 | D:10     | 11394 ||| UPGRADING to war axe.
 11395 | D:10     | 11395 ||| DROPPING +6 hand axe of draining.
 11486 | D:10     | Received a gift from Trog
 11488 | D:10     | 11488 ||| UPGRADING to runed battleaxe {god gift}.
 11489 | D:10     | 11489 ||| DROPPING +0 war axe.
 11574 | D:10     | 11574 ||| EATING fruit.
 11997 | D:10     | Found a portal to a secret trove of treasure.
 12201 | D:10     | Found Bayn's Distillery.
 12204 | D:10     | Bought a potion of might for 56 gold pieces
 12215 | D:10     | 12215 ||| INVOKING Berserk.
 12360 | D:10     | 12360 ||| UPGRADING to runed garnet ring.
 12361 | D:10     | 12361 ||| READING scroll labeled QICOUH DOFIRHY.
 12362 | D:10     | 12362 ||| DROPPING wand of random effects.
 12383 | D:11     | 12383 ||| STAIRDANCE
 12410 | D:11     | 12410 ||| STAIRDANCE
 12415 | D:10     | 12415 ||| INVOKING Berserk.
 12421 | D:10     | 12421 ||| EATING slice of pizza.
 12429 | D:10     | HP: 16/67 [poisoned by a soldier ant]
 12435 | D:10     | HP: 14/67 [poisoned by a soldier ant]
 12440 | D:10     | HP: 14/67 [poisoned by a soldier ant]
 12446 | D:10     | HP: 13/67 [poisoned by a soldier ant]
 12673 | D:10     | 12673 ||| EATING 2 royal jellies.
 12702 | D:11     | Found a sacrificial altar of Ru.
 12721 | D:11     | 12721 ||| Stepping ~*~*~tactically~*~*~ (cloud).
 12733 | D:11     | 12733 ||| INVOKING Berserk.
 12942 | D:11     | 12942 ||| EATING royal jelly.
 12999 | D:11     | 12999 ||| INVOKING Berserk.
 13030 | D:11     | 13030 ||| ZAPPING wand of teleportation (8).
 13030 | D:11     | HP: 15/68 [killer bee (7)]
 13031 | D:11     | 13031 ||| DRINKING potion of heal wounds.
 13035 | D:11     | 13035 ||| ZAPPING wand of teleportation (7).
 13035 | D:11     | HP: 13/68 [poisoned by a killer bee]
 13038 | D:11     | 13038 ||| ZAPPING wand of teleportation (6).
 13039 | D:11     | HP: 6/68 [poisoned by a killer bee]
 13041 | D:11     | 13041 ||| ZAPPING wand of teleportation (5).
 13042 | D:11     | HP: 1/68 [killer bee (4)]
 13042 | D:11     | Mangled by a killer bee

Vault maps used:
D:1:      dpeg_arrival_chase, serial_glass, glass_columns_a, glass_columns_a,
          glass_columns_b, glass_columns_a, glass_columns_a, glass_columns_c,
          glass_columns_b, glass_columns_c, minmay_misc_feat_enclosed
D:2:      grunt_decor_arrowhead, kennysheep_generic_room_16, uniq_robin
D:3:      tso_altar, uniq_grinder, uniq_iyjb
D:4:      gup_sewer_entry_pipe, first_bread, fedhas_altar_1, uniq_menkaure
D:5:      minivault_25, corexii_hall_statues_i, kennysheep_small_circle,
          uniq_prince_ribbit1
D:6:      lemuel_insect_pit, minmay_temple_entry_mist,
          kennysheep_generic_room_11, uniq_edmund
D:8:      serial_glass, glass_columns_c, glass_columns_c, glass_columns_c,
          uniq_pikel
D:9:      zombieorc2_lemuel, hex_medium, uniq_erolcha
D:10:     serial_co_window_serial, co_window_cross_1, co_window_corner_a,
          co_window_paths_b, co_window_paths_b, co_window_paths_a,
          co_window_of_opportunity_b, co_window_of_opportunity_c,
          co_window_broadway_b, co_window_broadway_b, co_window_broadway_c,
          co_window_of_opportunity_b, co_window_sun, co_window_4corner_b,
          glass_columns_a, glass_columns_a, glass_columns_a, glass_columns_a,
          glass_columns_b, serial_shops, nicolae_shop_window_shopping,
          basic_altar, nicolae_trove_entry_crossroad
D:11:     lair_0_dummy, basic_altar, hangedman_ranch

Action                   |  1- 3 |  4- 6 |  7- 9 | 10-12 || total
-------------------------+-------+-------+-------+-------++-------
Melee: Hand axe          |    70 |   106 |   350 |   238 ||   764
       Battleaxe         |       |       |       |   108 ||   108
       War axe           |       |       |       |    11 ||    11
Throw: Tomahawk          |       |       |    11 |    95 ||   106
Invok: Berserk           |     3 |     3 |     6 |    10 ||    22
       Trog's Hand       |       |     1 |       |     1 ||     2
       Brothers in Arms  |       |       |       |     2 ||     2
Evoke: Wand              |       |       |       |     4 ||     4
  Use: Scroll            |     4 |     6 |    19 |     6 ||    35
       Potion            |       |       |     2 |     2 ||     4
  Eat: Chunk             |     3 |     9 |    22 |    18 ||    52
       Beef jerky        |       |       |     2 |       ||     2
       Royal jelly       |       |       |       |     2 ||     2
       Fruit             |       |       |       |     2 ||     2
       Pizza             |       |       |       |     1 ||     1
